Map: Orbital Shipyard

Players

LilDicky - Winner!

  • Race: Terran Terran
  • League: Platinum

Tempered

  • Race: Protoss Protoss
  • League: Silver

VOD

http://www.twitch.tv/tumescentpie

Description

Time

  • Played on: Nov. 21, 2015, 12:03 a.m.
  • Length: 6:13
Show
View Real Time Build Order
Export as new Build Order

LilDicky Terran - Winner!

Build Orders: MMM Bio 

Get SALT Encoding   

  12  0:03  SCV  
  13  0:15  SCV  
  13  0:20  Supply Depot  
  14  0:27  SCV  
  15  0:36  Refinery  
  15  0:42  SCV  
  16  0:47  Barracks  
  16  0:55  SCV  
  17  1:07  SCV  
  18  1:23  SCV  
  19  1:34  Marine  
  19  1:36  Orbital Command  
  20  1:41  Supply Depot, Factory  
  20  1:52  Marine  
  21  2:01  Barracks  
  21  2:02  Barracks  
  21  2:05  SCV  
  22  2:15  Supply Depot  
  22  2:21  SCV, Marine  
  24  2:26  Refinery  
  24  2:33  SCV  
  25  2:39  Barracks Reactor  
  25  2:45  SCV  
  25  2:46  Widow Mine  
  28  2:57  Barracks Tech Lab x2  
  28  2:58  SCV  
  29  3:00  Supply Depot  
  29  3:10  SCV  
  30  3:15  Widow Mine  
  32  3:22  SCV  
  32  3:26  Marauder, Marine x2  
  38  3:28  Combat Shields, Stimpack  
  38  3:33  Marine  
  37  3:37  SCV  
  38  3:45  Widow Mine  
  40  3:49  SCV  
  41  3:59  Marine x2  
  41  4:00  Marauder x2  
  47  4:07  Starport  
  47  4:23  Marine x2  
  47  4:31  Supply Depot, Marauder x2  
  51  4:37  SCV  
  52  4:43  Supply Depot  
  52  4:44  Marine x2  
  54  4:47  Concussive Shells  
  54  4:51  Marine  
  54  4:52  Marauder  
  55  4:56  Medivac  
  55  4:57  SCV  
  56  5:08  Supply Depot  
  54  5:39  Marine x2  
  54  5:40  Marauder  
  58  5:43  Marine  
  58  5:44  SCV  
  58  5:47  Command Center  
  60  5:51  Supply Depot  
Show
View Real Time Build Order
Export as new Build Order

Tempered Protoss 

Build Orders: Nexus First 

Get SALT Encoding   

  12  0:01  Probe (Chrono Boost)  
  13  0:11  Probe (Chrono Boost)  
  14  0:18  Pylon  
  14  0:22  Probe (Chrono Boost)  
  15  0:36  Probe (Chrono Boost)  
  16  0:57  Nexus  
  16  1:01  Probe (Chrono Boost)  
  17  1:12  Gateway, Probe (Chrono Boost)  
  18  1:23  Probe (Chrono Boost)  
  18  1:25  Assimilator  
  19  1:30  Assimilator  
  19  1:33  Probe (Chrono Boost)  
  20  1:44  Probe (Chrono Boost)  
  21  1:54  Probe (Chrono Boost)  
  22  2:05  Probe (Chrono Boost)  
  22  2:08  Cybernetics Core  
  23  2:11  Pylon  
  23  2:13  Probe (Chrono Boost)  
  23  2:15  Probe (Chrono Boost), Pylon  
  25  2:23  Probe (Chrono Boost)  
  25  2:26  Probe (Chrono Boost)  
  27  2:34  Probe (Chrono Boost)  
  27  2:36  Probe (Chrono Boost)  
  29  2:44  Probe (Chrono Boost)  
  29  2:45  Warp Gate (Chrono Boost)  
  29  2:47  Probe (Chrono Boost)  
  29  2:48  Adept  
  33  2:55  Mothership Core (Chrono Boost)  
  33  2:58  Probe (Chrono Boost)  
  36  3:00  Pylon  
  36  3:08  Probe (Chrono Boost)  
  37  3:13  Probe (Chrono Boost)  
  37  3:18  Probe (Chrono Boost)  
  39  3:23  Probe (Chrono Boost)  
  33  3:29  Probe  
  33  3:33  Robotics Facility  
  34  3:35  Pylon  
  34  3:39  Forge  
  34  3:43  Gateway, Probe  
  34  3:45  Probe  
  33  3:56  Probe  
  33  3:57  Probe  
  31  4:09  Probe  
  32  4:14  Photon Cannon  
  32  4:16  Pylon  
  32  4:17  Probe  
  32  4:20  Observer  
  32  4:21  Probe  
  34  4:41  Warp Prism  
  34  4:53  Probe  
  34  4:54  Probe  
  36  5:03  Probe  
  36  5:04  Gateway x2  
  36  5:06  Probe  
  37  5:09  Gateway  
  37  5:10  Gateway  
  37  5:14  Stalker, Probe  
  37  5:18  Sentry  
  36  5:36  Photon Cannon x2  
  36  5:40  Photon Cannon  
  36  5:42  Sentry  
Tags
 
Add a new tag
Caveats
  • Supply blocks, unpowered buildings, or Contaminate may cause inaccurate times.
  • Supply counts are checked every 10 seconds.